 Dungeon Crawl Stone Soup version 0.30-a0-21-g5d08c37080 (webtiles) character file.

Game seed: 5773579182644651201

289 Lenerdal the Vexing (level 6, -3/28 HPs)
             Began as a Spriggan Enchanter on Aug 24, 2022.
             Was a Follower of Dithmenos.
             Killed from afar by a white imp (5 damage)
             ... with a puff of frost
             ... on level 6 of the Dungeon.
             The game lasted 00:08:18 (4236 turns).

Lenerdal the Vexing (Spriggan Enchanter)            Turns: 4236, Time: 00:08:19

Health: -3/28      AC:  3    Str:  6    XL:     6   Next: 9%
Magic:  15/15      EV: 17    Int: 16    God:    Dithmenos [*.....]
Gold:   265        SH:  0    Dex: 14    Spells: 2/16 levels left

rFire   . . .      SeeInvis +    i - +5 dagger (drain)
rCold   . . .      Faith    .    (no shield)
rNeg    . . .      Spirit   .    b - +1 robe
rPois   .          Reflect  .    k - +0 hat
rElec   .          Harm     .    (no cloak)
rCorr   .          Rampage  .    (gloves unavailable)
Will    +....                    (boots unavailable)
Stlth   +++.......               (no amulet)
HPRegen 0.09/turn                (no ring)
MPRegen 0.14/turn                (no ring)

@: brilliant, attractive, flying, wreathed by umbra, very quick
A: very small, no large weapons, unfitting armour, see invisible, speed 3,
clumsy 1, evolution 1
a: Renounce Religion


You were on level 6 of the Dungeon.
You worshipped Dithmenos.
Dithmenos was aware of your devotion.
You visited 1 branch of the dungeon, and saw 6 of its levels.

You collected 321 gold pieces.
You spent 56 gold pieces at shops.

Inventory:

Hand Weapons
 a - a +1 dagger
 i - a +5 dagger of draining (weapon)
Missiles
 e - 5 poisoned darts (quivered)
Armour
 b - a +1 robe (worn)
 k - a +0 hat (worn)
Wands
 j - a wand of acid (8)
Scrolls
 p - a scroll of teleportation
Potions
 c - 2 potions of invisibility
 d - a potion of brilliance
 f - 3 potions of might
 m - a potion of resistance {unknown}
 n - a potion of curing {unknown}
 o - 3 potions of mutation
 q - a potion of lignification {unknown}


   Skills:
 - Level 1.1 Short Blades
 - Level 2.6 Dodging
 + Level 5.5 Stealth
 + Level 5.5 Spellcasting
 + Level 6.1 Hexes


You had 2 spell levels left.
You knew the following spells:

 Your Spells              Type           Power      Damage    Failure   Level
a - Ensorcelled Hibernat  Hex/Ice        42%        N/A       6%          2
b - Tukima's Dance        Hex            36%        N/A       3%          3
c - Dazzling Flash        Conj/Hex       42%        N/A       12%         3
d - Confusing Touch       Hex            36%        N/A       3%          3
e - Summon Guardian Gole  Hex/Summ       21%        N/A       12%         3

Your spell library contained the following spells:

 Spells                   Type           Power      Damage    Failure   Level
 Beastly Appendage        Tmut           12%        N/A       14%         1
 Foxfire                  Conj/Fire      24%        2x1d5     14%         1
 Blink                    Tloc           12%        N/A       22%         2
 Wereblood                Tmut           6%         N/A       22%         2
 Inner Flame              Hex/Fire       21%        N/A       12%         3
 Anguish                  Hex/Necr       10%        N/A       38%         4
 Conjure Flame            Conj/Fire      6%         6-21      41%         3
 Spider Form              Tmut/Pois      6%         N/A       41%         3
 Yara's Violent Unravell  Hex/Tmut       10%        3d6       75%         5
 Flame Wave               Conj/Fire      6%         2d5       82%         4
 Passage of Golubria      Tloc           6%         N/A       82%         4
 Iskenderun's Battlesphe  Conj           6%         2d6       99%         5
 Manifold Assault         Tloc           6%         N/A       99%         5
 Iron Shot                Conj/Erth      3%         9d2       100%        6
 Orb of Destruction       Conj           3%         9d5       100%        7
 Spellforged Servitor     Conj/Summ      3%         N/A       100%        7
 Storm Form               Tmut/Air       3%         N/A       100%        7


Dungeon Overview and Level Annotations

Branches:
Dungeon (7/15)
 Temple: D:4-7

Altars:
Dithmenos
Xom

Shops:
D:3 [

Annotations:
D:4 Eustachio


Innate Abilities, Weirdness & Mutations

You are very small and have problems with some larger weapons.
You are too small for most types of armour.
You have supernaturally acute eyesight. (SInv)
You cover ground extremely quickly. (Speed+++)
You are clumsy. (Dex -2)
You have hidden genetic potential.


Message History

Unknown command.
Casting: Confusing Touch (quite dangerous; 3% risk of failure)
Confirm with . or Enter, or press ? or * to list all spells.
Aiming: Ensorcelled Hibernation (safe; 7% risk of failure)
Press: ? - help, Shift-Dir - straight line, f - scorpion
Aim: a scorpion (umbra, chance to affect: 47%)
The scorpion looks drowsy...
Unknown command.
The helpless scorpion fails to defend itself.
You impale the scorpion!!
You kill the scorpion!
Dithmenos accepts your kill. The white imp gestures at you.
The puff of frost hits you!
* * * LOW HITPOINT WARNING * * *
Your Hexes skill increases to level 6!
You have reached level 6!
Okay, then.
Unknown command.
It was a potion of brilliance.
You feel clever all of a sudden.
The white imp laughs crazily.
It was a potion of mutation.
You feel extremely strange.
You feel clumsy.
You feel a hidden potential growing inside you.
The white imp gestures at you. The puff of frost hits you.
* * * LOW HITPOINT WARNING * * *
Unknown command.
Unknown command.
It was a potion of flight.
You feel very buoyant.
You fly up into the air.
The white imp closely misses you.
It was a potion of magic.
Magic courses through your body. The white imp misses you.
It was a potion of attraction.
You feel attractive to monsters. The white imp gestures at you.
The puff of frost hits you.
You die...

......##.
#.....#..
#.....#.#
#....$..#
#.......#
#>#
#####.#####
#.........#
#....@....#
#..##5.##.#
..... 8..8#
# ###.
.....[. #
#...>".##
##8..8##
##.[## ####


You could see a white imp.

Vanquished Creatures
  A scorpion (D:6)
  14 adders
  An ufetubus (D:4)
  2 worms
  2 dart slugs (D:2)
  13 orcs
  5 bats
  5 endoplasms
  3 giant cockroaches
  5 goblins
  8 hobgoblins
  5 quokkas
  5 ball pythons (D:2)
  2 frilled lizards
  7 kobolds
  6 rats
84 creatures vanquished.

Vanquished Creatures (others)
  2 dancing weapons (D:3)
  A fungus (D:3)
3 creatures vanquished.

Grand Total: 87 creatures vanquished

Notes
Turn   | Place    | Note
-------+----------+-------------------------------------------
     0 | D:1      | Lenerdal the Spriggan Enchanter began the quest for the
                  | Orb.
     0 | D:1      | Reached XP level 1. HP: 9/9 MP: 5/5
   488 | D:1      | Reached skill level 4 in Hexes
   553 | D:1      | Reached XP level 2. HP: 13/13 MP: 7/7
   556 | D:1      | Learned a level 2 spell: Ensorcelled Hibernation
  1202 | D:1      | Found a faded altar of an unknown god.
  1723 | D:2      | Reached XP level 3. HP: 11/16 MP: 9/9
  2455 | D:2      | Reached XP level 4. HP: 19/21 MP: 11/11
  2485 | D:2      | Reached skill level 5 in Hexes
  2495 | D:2      | Learned a level 3 spell: Tukima's Dance
  2499 | D:2      | Learned a level 3 spell: Confusing Touch
  2503 | D:2      | Learned a level 3 spell: Dazzling Flash
  2817 | D:3      | Found Oqojuenu's Armour Shoppe.
  2882 | D:3      | Bought a +0 hat for 56 gold pieces
  2911 | D:3      | Reached XP level 5. HP: 24/24 MP: 13/13
  3032 | D:3      | Found a shadowy altar of Dithmenos.
  3043 | D:3      | Became a worshipper of Dithmenos the Shadowed
  3103 | D:3      | Reached skill level 5 in Spellcasting
  3452 | D:3      | Reached skill level 5 in Stealth
  3890 | D:4      | Learned a level 3 spell: Summon Guardian Golem
  3944 | D:4      | Reached * piety under Dithmenos
  4153 | D:4      | Noticed Eustachio
  4153 | D:4      | You fall into a shaft and drop 3 floors!
  4153 | D:7      | Found a shimmering altar of Xom.
  4226 | D:6      | Noticed a black bear
  4232 | D:6      | Reached skill level 6 in Hexes
  4232 | D:6      | Reached XP level 6. HP: 7/28 MP: 11/15
  4233 | D:6      | Gained mutation: You are clumsy. (Dex -2) [potion of
                  | mutation]
  4233 | D:6      | Gained mutation: You have hidden genetic potential. [potion
                  | of mutation]
  4236 | D:6      | Killed from afar by a white imp

Illustrated notes

Levels and vault maps discovered:
D:1:      saegor_arrival_simple_e, layout_loops_ring,
          ebering_ecumenical_altar_webs
D:2:      layout_basic, minmay_snake_closets
D:3:      layout_loops_ring, mainiacjoe_overflow_alcove_4, serial_shops,
          nicolae_shop_waterfront, st_stairs_8
D:4:      layout_cave_pools, led_sif_pool, amethyst_overflow_temple_binary,
          uniq_eustachio
D:6:      layout_basic, st_stairs_6, kennysheep_generic_room_4, uniq_maggie,
          uniq_pikel
D:7:      layout_rooms, amcnicky_altar_gilded, minmay_temple_entry_large_hall

Skill      XL: |  1  2  3  4  5 |
---------------+----------------+-----
Spellcasting   | 3 4 5 |  5.5
Hexes          | 4 5 6 |  6.1
Stealth        | 5 |  5.5
Short Blades   | |  1.1
Dodging        | |  2.6

Action                   |  1- 3 |  4- 6 || total
-------------------------+-------+-------++-------
Melee: Dagger            |   111 |   114 ||   225
       Punch             |     1 |     1 ||     2
Throw: Dart              |     3 |       ||     3
 Cast: Ensorcelled Hiber |    10 |     7 ||    17
       Tukima's Dance    |       |     4 ||     4
  Use: Scroll            |     5 |     4 ||     9
       Potion            |       |     5 ||     5
 Stab: Sleeping          |    11 |    12 ||    23
       Distracted        |     1 |     2 ||     3
Armor: Robe              |    15 |     9 ||    24
Dodge: Dodged            |    75 |    79 ||   154

Table legend: (Time is in decaauts)
 A = Elapsed time spent in this place.
 B = Non-inter-level travel time spent in this place.
 C = Inter-level travel time spent in this place.
 D = Time resting spent in this place.
 E = Time spent auto-exploring this place.
 F = Levels seen in this place.
 G = Mean time per level.
                   A        B        C        D        E       F      G
               +--------+--------+--------+--------+--------+-----+--------+
         Total |   3296 |   3247 |     49 |     45 |   2621 |   6 |  549.3 |
       Dungeon |   3296 |   3247 |     49 |     45 |   2621 |   6 |  549.3 |
               +--------+--------+--------+--------+--------+-----+--------+

Top non-repeatable levels by time:
     D:1: 1132 daAuts
     D:2: 1064 daAuts
     D:3: 601 daAuts
     D:4: 440 daAuts
     D:7: 48 daAuts
     D:6: 8 daAuts
